AoeStats
← Grandma's Boy

Arena

508452808Analyzed
1v1 RM · 10d ago on Sep 22, 2026· 61m 30s· 2 players
Game mode
Random Map
Map size
Tiny (2 player)
Population
200
Speed
Normal
Resources
Standard
Victory
Conquest
Starting age
Dark Age
Ending age
Imperial Age
RankedLock teamsTeams togetherTeam positionsShared explorationLock speedFull tech treeHidden civsTurbo modeCheats
Victory
Defeat
🇺🇸 Georgians · United States
702
+17
🇸🇪 Hindustanis · Sweden
719
-17
Grandma's Boy
7:02 Loom
11:04 Feudal Age
11:26 Horse Collar
11:31 Double-Bit Axe
17:19 Wheelbarrow
17:03 Gold Mining
17:08 Stone Mining
17:52 Scale Mail Armor
17:53 Fletching
18:04 Padded Archer Armor
18:15 Forging
18:11 Scale Barding Armor
22:03 Castle Age
22:51 Heavy Plow
23:07 Bow Saw
23:16 Elite Skirmisher
23:20 Pikeman
25:13 Squires
25:11 Town Watch
31:40 Hand Cart
32:42 Chain Mail Armor
32:23 Bodkin Arrow
32:44 Leather Archer Armor
33:06 Iron Casting
32:51 Chain Barding Armor
34:59 Stone Shaft Mining
41:14 Imperial Age
40:20 Arson
40:57 Ballistics
40:47 Fortified Wall
40:48 Masonry
40:30 Guard Tower
42:10 Svan Towers
42:29 Conscription
43:30 Chemistry
42:37 Siege Engineers
42:30 Murder Holes
42:21 Arrowslits
42:00 Halberdier
43:15 Plate Mail Armor
43:46 Blast Furnace
42:47 Bracer
43:52 Architecture
44:01 Hoardings
43:48 Conscription
44:57 Husbandry
45:09 Bloodlines
44:19 Light Cavalry
45:38 Plate Barding Armor
45:51 Capped Ram
47:07 Siege Ram
47:51 Hussar
48:36 Heavy Scorpion
53:26 Svan Towers
53:42 Conscription
54:26 Crop Rotation
55:13 Keep
55:18 Aznauri Cavalry
Howdoyouturnthison!
9:12 Feudal Age
10:49 Wheelbarrow
10:37 Double-Bit Axe
16:02 Gold Mining
18:53 Horse Collar
21:24 Castle Age
22:46 Bloodlines
25:30 Hand Cart
35:42 Town Watch
37:17 Husbandry
41:34 Imperial Age
42:01 Town Patrol
45:51 Elite Ghulam
56:44 Heavy Camel Rider
57:43 Scale Barding Armor
Connection lost

Rejoining the realm…

Still unreachable

The connection could not be restored.

Session expired

The server has moved on; the page needs a fresh start.